 Dungeon Crawl Stone Soup version 0.31-a0-1620-gcbf77bbcfc (webtiles) character file.

Game seed: 3080615006183249439

3074993 Flugslaktarn the Conqueror (level 21, 211/224 HPs)
             Began as a Minotaur Fighter on Jan 11, 2024.
             Was a High Priest of Okawaru.
             Escaped with the Orb
             ... and 3 runes
             ... and 3 gems!
             The game lasted 00:27:11 (26310 turns).

Flugslaktarn the Conqueror (Minotaur Fighter)      Turns: 26310, Time: 00:27:11

Health: 211/224    AC: 42    Str: 28    XL:     21   Next: 47%
Magic:  38/38      EV: 15    Int:  9    God:    Okawaru [*****.]
Gold:   3416       SH: 23    Dex: 17    Spells: 20/20 levels left

rFire   + + +        a - +9 broad axe (elec)
rCold   + . .        S - +2 tower shield {reflect}
rNeg    + . .        V - +1 gold dragon scales
rPois   +            e - +2 hat
rElec   .            X - +0 cloak "Fuczunoi" {Will++ Slay+2 Stlth+}
rCorr   .            B - +3 pair of gloves "Nijyor" {rF+++ Will- Int+3 Dex+3}
SInv    +            E - +2 pair of boots
Will    +++..        y - amulet of Xom's Bemusement {Faith Regen+ Int+3} Stlth
                     O - ring "Atoem" {rPois rN+ Will+ MP+9 SInv}
HPRegen 1.37/turn    v - +5 ring of evasion
MPRegen 0.26/turn

%: reflection, faith
@: studying Unarmed Combat
A: horns 2, retaliatory headbutt, iridescent scales 1, dopey 1, mutation
resistance 1
0: Orb of Zot
}: 3/15 runes: barnacled, abyssal, gossamer
a: Renounce Religion, Heroism, Finesse, Duel


You escaped.
You worshipped Okawaru.
Okawaru was extremely pleased with you.
You visited 8 branches of the dungeon, and saw 40 of its levels.
You visited the Abyss 1 time.
You visited 1 bazaar.
You also visited: Gauntlet and Volcano.

You collected 3899 gold pieces.
You spent 483 gold pieces at shops.

Inventory:

Hand Weapons
 a - a +9 broad axe of electrocution (weapon)
   (Okawaru gifted it to you in a Gauntlet)
 b - a +1 dagger of distortion
   (You took it off a spriggan on level 5 of the Lair of Beasts)
 k - a +0 broad axe
   (You bought it in a shop on level 2 of the Orcish Mines)
Missiles
 N - 11 throwing nets (quivered)
Armour
 e - a +2 hat (worn)
   (You found it on level 7 of the Dungeon)
 f - a +0 pair of gloves
   (You found it on level 4 of the Dungeon)
 o - the +14 crystal plate armour of Instinct {Rampage *Corrode rPois Int+3}
   (Okawaru gifted it to you in a Gauntlet)

   Int+3:     It affects your intelligence (+3).
   rPois:     It protects you from poison *Corrode: It may corrode you when you
   take damage.
   Rampage:   It bestows one free step when moving towards enemies.
 B - the +3 pair of gloves "Nijyor" (worn) {rF+++ Will- Int+3 Dex+3}
   (You found it on level 8 of the Dungeon)

   Int+3:     It affects your intelligence (+3).
   Dex+3:     It affects your dexterity (+3).
   rF+++:     It renders you almost immune to fire.
   Will-:     It decreases your willpower.
 E - a +2 pair of boots (worn)
   (You found it on level 1 of the Lair of Beasts)
 F - a +0 plate armour of fire resistance
   (You found it in a volcano)
 S - a +2 tower shield of reflection (worn)
   (You acquired it in a Gauntlet)
 V - +1 gold dragon scales (worn)
   (You found it on level 3 of the Depths)
 X - the +0 cloak "Fuczunoi" (worn) {Will++ Slay+2 Stlth+}
   (You found it on level 4 of the Depths)

   Slay+2:    It affects your accuracy & damage with ranged weapons and melee
   (+2).
   Will++:    It greatly increases your willpower.
   Stlth+:    It makes you more stealthy.
Jewellery
 i - a ring of see invisible
   (You found it on level 3 of the Lair of Beasts)
 l - the ring of Fypnirruwum {Ice Str-4 Int+6}
   (You took it off Josephina on level 4 of the Depths)

   [ring of ice]

   Ice:       It enhances your ice magic.
   Str-4:     It affects your strength (-4).
   Int+6:     It affects your intelligence (+6).
   rF-:       It makes you vulnerable to fire.
   rC+:       It protects you from cold.
 m - a ring of willpower
   (You found it on level 5 of the Dungeon)
 p - a +4 ring of protection
   (You found it on level 4 of the Dungeon)
 v - a +5 ring of evasion (right hand)
   (You found it on level 3 of the Shoals)
 y - the amulet of Xom's Bemusement (around neck) {Faith Regen+ Int+3}
   (You took it off a minotaur in a Gauntlet)

   [amulet of faith]

   Faith:     It allows you to gain divine favour quickly.
   Int+3:     It affects your intelligence (+3).
   Regen+:    It increases your rate of health regeneration.
 O - the ring "Atoem" (left hand) {rPois rN+ Will+ MP+9 SInv}
   (You found it on level 4 of the Shoals)

   [ring of positive energy]

   rPois:     It protects you from poison rN+: It protects you from negative
   energy.
   Will+:     It increases your willpower.
   MP+9:      It affects your magic capacity (+9).
   SInv:      It lets you see invisible.
 U - an amulet of regeneration
   (You took it off a tengu reaver on level 3 of the Depths)
 W - an amulet of magic regeneration
   (You took it off a draconian annihilator on level 4 of the Depths)
Wands
 g - a wand of digging (12)
   (You found it on level 8 of the Dungeon)
 C - a wand of iceblast (19)
   (You found it on level 5 of the Dungeon)
 L - a wand of acid (26)
   (You found it on level 5 of the Dungeon)
 T - a wand of mindburst (7)
   (You took it off a tengu conjurer on level 3 of the Depths)
Scrolls
 r - 16 scrolls of identify
 t - 3 scrolls of teleportation
 u - 2 scrolls of vulnerability
 x - 3 scrolls of fear
 z - a scroll of blinking
 G - 3 scrolls of immolation
 J - 4 scrolls of enchant weapon
Potions
 c - 3 potions of brilliance
 d - 4 potions of might
 h - 2 potions of haste
 j - a potion of lignification
 n - a potion of resistance
 q - 15 potions of curing
 s - a potion of magic
 A - 2 potions of invisibility
 D - 3 potions of mutation
 H - a potion of attraction
 I - 4 potions of enlightenment
 K - 2 potions of berserk rage
 Q - a potion of ambrosia
 R - 3 potions of cancellation
Miscellaneous
 M - a lightning rod (4/4)
   (You found it on level 4 of the Shoals)


   Skills:
 O Level 27 Fighting
 - Level 18.0 Axes
 + Level 25.4 Armour
 - Level 7.3 Dodging
 - Level 18.0 Shields
 - Level 12.0 Invocations


You had 20 spell levels left.
You didn't know any spells.
Your spell library contained the following spells:

 Spells                   Type           Power      Damage    Failure   Level
 Apportation              Tloc           0%         N/A       99%         1
 Magic Dart               Conj           0%         1d3       99%         1
 Necrotise                Necr           0%         1d4       99%         1
 Sting                    Conj/Alch      0%         1d3       99%         1
 Cigotuvi's Dreadful Rot  Necr/Alch/Air  0%         N/A       100%        2
 Lesser Beckoning         Tloc           0%         N/A       100%        2
 Searing Ray              Conj           0%         2d4       100%        2
 Sublimation of Blood     Necr           0%         N/A       100%        2
 Gell's Gravitas          Tloc           0%         N/A       100%        3
 Sigil of Binding         Hex            0%         N/A       100%        3
 Teleport Other           Tloc           0%         N/A       100%        3
 Anguish                  Hex/Necr       0%         N/A       100%        4
 Brom's Barrelling Bould  Conj/Erth      0%         2d3       100%        4
 Cause Fear               Hex            0%         N/A       100%        4
 Dimensional Bullseye     Hex/Tloc       0%         N/A       100%        4
 Dispel Undead            Necr           0%         3d6       100%        4
 Fulminant Prism          Conj/Alch      0%         3d5       100%        4
 Vhi's Electric Charge    Tloc/Air       0%         N/A       100%        4
 Arcjolt                  Conj/Air       0%         1d10      100%        5
 Fireball                 Conj/Fire      0%         3d3       100%        5
 Iskenderun's Battlesphe  Conj           0%         2d6       100%        5
 Lee's Rapid Deconstruct  Erth           0%         3d4*      100%        5
 Conjure Ball Lightning   Conj/Air       0%         3x3d6     100%        6
 Dispersal                Tloc           0%         N/A       100%        6
 Eringya's Noxious Bog    Alch           0%         4d6       100%        6
 Plasma Beam              Fire/Air       0%         2x1d10    100%        6
 Enfeeble                 Hex            0%         N/A       100%        7
 Orb of Destruction       Conj           0%         9d5       100%        7
 Ozocubu's Refrigeration  Ice            0%         4d7       100%        7
 Polar Vortex             Ice            0%         N/A       100%        9
 Summon Small Mammal      Summ           Unusable   N/A       N/A         1
 Call Imp                 Summ           Unusable   N/A       N/A         2
 Call Canine Familiar     Summ           Unusable   N/A       N/A         3
 Animate Armour           Summ/Erth      Unusable   N/A       N/A         4
 Martyr's Knell           Necr/Summ      Unusable   N/A       N/A         4
 Summon Lightning Spire   Summ/Air       Unusable   N/A       N/A         4
 Summon Forest            Summ/Tloc      Unusable   N/A       N/A         5
 Death Channel            Necr           Unusable   N/A       N/A         6
 Sculpt Simulacrum        Ice/Alch       Unusable   N/A       N/A         6
 Summon Hydra             Summ           Unusable   N/A       N/A         7

Dungeon Overview and Level Annotations

Branches:
Dungeon (15/15)            Temple (1/1) D:7            Lair (5/5) D:10
 Shoals (4/4) Lair:3       Spider (4/4) Lair:3        Slime (0/5) Lair:5
    Orc (2/2) D:11            Elf (0/3) Orc:2        Depths (4/4) D:15
    Zot (5/5) Depths:4    Volcano (visited)         Gauntlet (visited)
 Vaults: D:13-14

Altars:
Ashenzari
Cheibriados
Dithmenos
Elyvilon
Fedhas
Gozag
Hepliaklqana
Kikubaaqudgha
Makhleb
Nemelex Xobeh
Okawaru
Qazlal
Ru
Sif Muna
Trog
Uskayaw
Vehumet
Wu Jian
Xom
Yredelemnul
Zin
Jiyva

Shops:
D:5 ([[   D:10 (   Orc:2 *((*   Depths:3 (

Portals:
Hell: Depths:3
Abyss: Depths:1
Ziggurat: Depths:3

Annotations:
Lair:3 2 transporters, PanSaczeczos's ghost, journeyman SpCA
Lair:5 1 runed translucent door
Shoals:4 Ilsuiw


Innate Abilities, Weirdness & Mutations

You have a pair of horns on your head.
You reflexively headbutt those who attack you in melee.
You are partially covered in iridescent scales. (AC +2)
You are dopey. (Int -2)
You are somewhat resistant to further mutation.


Message History

The Orb Guardian is heavily wounded.
You block the Orb Guardian's attack.
You slice the Orb Guardian!!
Lightning courses through the Orb Guardian!!
You kill the Orb Guardian!
Okawaru accepts your kill. Okawaru grants you throwing weapons!
Something appears at your feet!
No target in view!
No target in view!
There is a stone staircase leading up here.
You climb upwards.
There is a stone staircase leading down here.
There is a stone staircase leading up here.
You climb upwards.
There is a stone staircase leading down here.
You open the door.
A demonspawn warmonger and a reaper come into view.
The demonspawn warmonger is wielding a +1 demon blade of draining.
The reaper is wielding a +2 scythe of venom.
There is an open door here.
You slash the demonspawn warmonger!
Your headbutt misses the demonspawn warmonger.
The demonspawn warmonger is lightly wounded.
You hit the demonspawn warmonger. You headbutt the demonspawn warmonger!
The demonspawn warmonger is moderately wounded.
You hit the demonspawn warmonger.
The demonspawn warmonger is moderately wounded.
The demonspawn warmonger invokes the aid of its god against you.
Your magic feels tainted.
You slice the demonspawn warmonger!! You headbutt the demonspawn warmonger!
The demonspawn warmonger is heavily wounded.
You block the demonspawn warmonger's attack.
The demonspawn warmonger misses you.
You block the demonspawn warmonger's attack.
You barely miss the demonspawn warmonger.
You headbutt the demonspawn warmonger!
The demonspawn warmonger is severely wounded.
You block the demonspawn warmonger's attack.
The demonspawn warmonger claws you.
You block the demonspawn warmonger's attack.
The reaper hits you from afar with a +2 scythe of venom!
The reaper drags you backwards!
You slice the reaper!!
You headbutt the reaper, but do no damage.
The reaper is moderately wounded.
You hit the demonspawn warmonger but do no damage.
Lightning courses through the demonspawn warmonger!
You closely miss the demonspawn warmonger.
The demonspawn warmonger is severely wounded.
You hit the reaper.
The demonspawn warmonger hits you but does no damage.
You partially resist.
The demonspawn warmonger claws you but does no damage.
You block the demonspawn warmonger's attack.
You block the reaper's attack.
You slice the demonspawn warmonger!!
The demonspawn warmonger is almost dead.
You slash the reaper! Lightning courses through the reaper!
You block the demonspawn warmonger's attack.
The demonspawn warmonger misses you.
The demonspawn warmonger barely misses you.
The reaper hits you with a +2 scythe of venom!
The reaper drags you backwards!
You slice the demonspawn warmonger!!
You kill the demonspawn warmonger!
Okawaru accepts your kill.
You slash the reaper! Lightning courses through the reaper!
You kill the reaper!
Okawaru accepts your kill.
No target in view!
No target in view!
There is an open door, spattered with blood here.
There is an open door here.
Your magic seems less tainted.
HP restored.
You see here a +0 club.
There is an open door here.
There is an open door here.
There is a stone staircase leading up here.
You climb upwards.
There is a stone staircase leading down here.
A shadow demon comes into view.
An Orb Guardian comes into view.
There is a stone staircase leading up here.
You climb upwards.
There is a stone staircase leading down here.
You see here a +0 scale mail.
You see here a +0 short sword.
There is a stone staircase leading up here.
You climb upwards.
There is a stone staircase leading down here.
There is an open door here.
A Hell Sentinel comes into view.
A nearby plant withers and dies.
The Hell Sentinel gestures at you.
The sphere of damnation explodes!
The damnation engulfs you!
There is a staircase leading out of the dungeon here.
The Hell Sentinel gestures at you.
Your +2 tower shield of reflection blocks the iron shot... and reflects it back!
The iron shot hits the Hell Sentinel!!
You have escaped!

#..♣♣.>.♣♣..#
##..♣♣.♣♣..##
♣.........♣
♣(♣.~~≈.♣.♣
♣..~≈81~..♣
♣.♣.~~~.♣.♣
♣.........♣
##..♣♣.♣♣..##
#..♣♣P@P♣♣..#
##..#####..##
...~≈≈≈≈...+
#############


You could see a Hell Sentinel.

Vanquished Creatures
  A pandemonium lord (D:13)
  2 ancient liches (Zot:5)
  3 dread liches
  2 orbs of fire (Zot:5)
  Sojobo (Depths:2)
  2 Killer Klowns (Zot:5)
  Josephina (Depths:4)
  Xtahua (Depths:3)
  3 curse toes
  4 golden dragons
  A profane servitor (Zot:5)
  Arachne (Spider:4)
  An electric golem (Zot:5)
  Jorgrun (D:14)
  3 tentacled monstrosities
  Asterion (Spider:2)
  20 Orb Guardians
  2 titans (Zot:3)
  3 quicksilver dragons
  A kraken (Shoals:1)
  3 sphinxes
  A death cob (Zot:5)
  A tentacled starspawn (Abyss:3)
  Kirke (D:13)
  Frances (D:14)
  4 storm dragons
  7 tengu reavers
  2 draconian knights
  A demonspawn warmonger (D:4)
  3 frost giants (Depths:4)
  A draconian monk (Zot:3)
  2 protean progenitors (Zot:2)
  8 emperor scorpions
  17 fire giants
  6 ghost moths
  A draconian shifter (Zot:5)
  A draconian stormcaller (Zot:3)
  An orc warlord (Orc:2)
  3 draconian annihilators
  7 very ugly things
  A spriggan defender (Depths:3)
  2 broodmothers (Zot:2)
  7 stone giants
  A reaper (D:4)
  A deep elf death mage (Depths:4)
  2 black draconians (Zot:5)
  A dire elephant (Gauntlet)
  A deep elf annihilator (D:13)
  6 white draconians
  4 green draconians
  4 purple draconians
  2 yellow draconians
  3 spark wasps
  6 red draconians
  A minotaur (Gauntlet)
  A blizzard demon (Depths:1)
  3 merfolk javelineers (Shoals:4)
  2 entropy weavers
  A yaktaur captain (D:13)
  8 merfolk impalers
  4 ettins
  An entropy weaver (shapeshifter) (D:14)
  5 jiangshi
  A quicksilver dragon skeleton (Depths:3)
  11 fire dragons
  4 vault guards (D:14)
  3 great orbs of eyes
  Harold (D:11)
  3 rakshasas
  A caustic shrike simulacrum (Depths:4)
  A juggernaut simulacrum (Depths:4)
  5 ice dragons
  2 merfolk avatars
  2 catoblepae
  5 hydras
  8 centaur warriors
  2 radroaches
  5 spriggan air magi
  A jorogumo (Spider:4)
  4 boulder beetles
  A satyr (Shoals:4)
  11 two-headed ogres
  3 deep troll shamans (Depths:1)
  4 merfolk aquamancers
  A death scarab (Gauntlet)
  3 vampire magi
  4 deep troll earth magi
  An orc high priest (Orc:2)
  6 spriggan berserkers
  2 thrashing horrors (Abyss:3)
  9 hell knights
  10 tengu warriors
  2 occultists
  2 sun demons
  3 iron trolls
  5 skysharks
  A spectral death yak (Gauntlet)
  Nergalle (Lair:3)
  3 pharaoh ants (Spider:4)
  A wretched star (Abyss:3)
  A mana viper (shapeshifter) (Depths:4)
  10 deep trolls
  A spriggan rider (Depths:3)
  2 glowing orange brains (Depths:4)
  A sun moth (Spider:3)
  6 sea snakes
  A shadow demon (Zot:3)
  6 orb spiders
  A quicksilver dragon simulacrum (Depths:4)
  2 starcursed masses (Abyss:3)
  3 steelbarb worms
  A sun moth (shapeshifter) (D:13)
  5 necromancers
  A flayed ghost (Arena)
  10 harpies
  3 deep elf pyromancers (D:14)
  7 orc knights (Orc:2)
  2 phantasmal warriors
  13 ugly things
  6 manticores
  3 fauns (Shoals:4)
  An orc sorcerer (Orc:1)
  12 cyclopes
  3 draconians (Abyss:3)
  9 wolf spiders
  9 elephants
  Joseph (D:7)
  17 moths of wrath
  3 meliai (Spider:2)
  2 merfolk sirens (Shoals:4)
  An apocalypse crab (Abyss:3)
  2 water nymphs
  2 torpor snails (Spider:4)
  4 black mambas
  2 gargoyles
  A torpor snail (shapeshifter) (Depths:4)
  2 molten gargoyles (Volcano)
  9 cane toads
  A rime drake (Lair:4)
  A hellion (Abyss:3)
  A tormentor (D:12)
  An unseen horror (D:12)
  2 yaktaurs (Volcano)
  7 komodo dragons
  4 efreet
  A yaktaur (shapeshifter) (Depths:3)
  3 tengu conjurers
  9 trolls
  6 hornets
  23 merfolk
  5 snapping turtles
  16 tarantellas
  7 dream sheep (Lair:5)
  5 polar bears
  13 blink frogs
  7 saltlings (Orc:2)
  A harpy skeleton (Abyss:3)
  42 slime creatures
  A glass eye (Depths:3)
  An iron dragon simulacrum (Depths:4)
  Sigmund (D:6)
  A dream sheep (shapeshifter) (Depths:4)
  9 jumping spiders
  8 water elementals
  2 vampires
  10 culicivoras
  13 spriggans
  A shadow (D:9)
  42 yaks
  8 fire bats
  2 wargs
  7 hogs (D:13)
  A human (Lair:5)
  3 wraiths
  Grum (D:8)
  4 wyverns
  19 redbacks
  5 basilisks
  3 vampire mosquitoes (D:14)
  Menkaure (D:7)
  An acid dragon (D:14)
  16 water moccasins
  The ghost of FlatIsJustice the Gusty, an amateur TeAE of Vehumet (D:4)
  3 swamp worms (Gauntlet)
  Duvessa (D:7)
  A hornet zombie (D:7)
  2 ice beasts
  16 orc warriors
  2 sky beasts
  9 black bears
  7 boggarts
  9 ogres
  24 wolves
  15 centaurs
  2 phantoms (D:4)
  A kobold brigand (D:9)
  Blork the orc (D:5)
  2 gnoll sergeants
  A scorpion (D:6)
  6 bullfrogs
  2 wyvern zombies (D:7)
  Dowan (D:7)
  7 wights
  5 killer bees (D:11)
  A howler monkey (D:12)
  5 lava snakes (Volcano)
  14 orc priests
  A jelly (D:5)
  2 centaur zombies (D:7)
  2 hounds
  A gnoll bouda (D:6)
  3 sleepcaps
  3 iguanas
  15 orc wizards
  13 hell rats
  2 killer bee zombies (D:7)
  A howler monkey zombie (D:7)
  3 adders
  23 gnolls
  A shadow imp (D:5)
  3 white imps
  2 ufetubi (D:7)
  A dart slug (D:4)
  85 orcs
  3 hobgoblins
  7 kobolds
  2 quokkas (D:4)
  A ball python (D:5)
  2 goblins (D:4)
  A rat (D:1)
  2 spectral weapons (Spider:2)
  4 tentacles (Shoals:1)
1125 creatures vanquished.

Vanquished Creatures (others)
  A green draconian (Zot:5)
  Nessos (Lair:3)
  A moth of wrath (Zot:3)
  A titan simulacrum (Depths:4)
  A redback (Spider:4)
  A boggart (D:14)
  2 starspawn tentacles (Abyss:3)
  4 tentacles (Shoals:1)
12 creatures vanquished.

Grand Total: 1137 creatures vanquished

Notes
Turn   | Place    | Note
-------+----------+-------------------------------------------
     0 | D:1      | Flugslaktarn the Minotaur Fighter began the quest for the
                  | Orb.
     0 | D:1      | Reached XP level 1. HP: 19/19 MP: 0/0
   315 | D:4      | Noticed a phantom
   326 | D:4      | Killed a phantom
   327 | D:4      | Reached skill level 4 in Fighting
   327 | D:4      | Reached XP level 2. HP: 16/28 MP: 1/1
   327 | D:4      | Reached XP level 3. HP: 20/34 MP: 2/2
   327 | D:4      | Reached XP level 4. HP: 24/41 MP: 3/3
   486 | D:4      | Found a transporter.
   487 | D:4      | Identified the +6 trident "Cite" {venom, rF+ rCorr}
   487 | D:4      | Identified the +5 ring mail "Cuxuf" {Slay+5}
   487 | D:4      | Identified the +2 buckler "Nideler" {rF+ rC++ Regen+
                  | Slay-4}
   487 | D:4      | Noticed a gnoll sergeant
   534 | D:4      | Found a transporter.
   632 | D:4      | Noticed a phantom
   643 | D:4      | Killed a phantom
   644 | D:4      | Reached skill level 5 in Fighting
   644 | D:4      | Reached XP level 5. HP: 42/48 MP: 4/4
   897 | D:4      | Found a bloodstained altar of Trog.
  1129 | D:5      | Entered Level 5 of the Dungeon
  1171 | D:5      | Noticed a water moccasin
  1172 | D:5      | Found Keicreb's Antique Armour Boutique.
  1181 | D:5      | Killed a water moccasin
  1182 | D:5      | Reached skill level 5 in Axes
  1182 | D:5      | Reached XP level 6. HP: 45/57 MP: 5/5
  1354 | D:5      | Noticed Blork the orc
  1392 | D:5      | Killed Blork the orc
  1393 | D:5      | Reached skill level 6 in Fighting
  1393 | D:5      | Reached skill level 5 in Shields
  1497 | D:5      | Reached skill level 5 in Armour
  1709 | D:5      | Reached XP level 7. HP: 60/63 MP: 6/6
  1735 | D:5      | Found Vigef's Armour Boutique.
  2443 | D:5      | Found Guiph's Antique Weapon Boutique.
  2844 | D:6      | Reached skill level 7 in Fighting
  2956 | D:6      | Reached XP level 8. HP: 73/73 MP: 7/7
  2985 | D:6      | Noticed Sigmund
  3111 | D:6      | Identified a scroll of acquirement
  3343 | D:6      | Killed Sigmund
  3384 | D:6      | Reached skill level 8 in Fighting
  3978 | D:5      | Bought a +0 pair of boots for 63 gold pieces
  4028 | D:7      | Found a staircase to the Ecumenical Temple.
  4050 | Temple   | Entered the Ecumenical Temple
  4078 | Temple   | Became a worshipper of Warmaster Okawaru
  4161 | D:7      | Reached skill level 9 in Fighting
  4186 | D:7      | Reached XP level 9. HP: 62/83 MP: 8/8
  4286 | D:4      | Noticed FlatIsJustice's ghost (amateur TeAE)
  4293 | D:4      | Killed FlatIsJustice's ghost
  4496 | D:7      | Reached skill level 1 in Dodging
  4573 | D:7      | Reached * piety under Okawaru
  4575 | D:7      | Noticed Joseph
  4592 | D:7      | Killed Joseph
  4593 | D:7      | Reached skill level 10 in Fighting
  4593 | D:7      | Reached skill level 10 in Axes
  4634 | D:7      | Noticed Duvessa
  4636 | D:7      | Noticed Dowan
  4648 | D:7      | Killed Duvessa
  4653 | D:7      | Reached ** piety under Okawaru
  4655 | D:7      | Killed Dowan
  4937 | D:7      | You fall into a shaft and drop 1 floor!
  4944 | D:8      | Identified the +3 pair of gloves "Nijyor" {rF+++ Will-
                  | Int+3 Dex+3}
  4998 | D:8      | Reached XP level 10. HP: 94/94 MP: 9/9
  5197 | D:8      | Noticed Grum
  5212 | D:8      | Killed Grum
  5213 | D:8      | Reached skill level 11 in Fighting
  5578 | D:7      | Reached *** piety under Okawaru
  5698 | D:7      | Noticed Menkaure
  5704 | D:7      | Killed Menkaure
  5908 | D:9      | Found a blossoming altar of Fedhas.
  6201 | D:9      | Found a shadowy altar of Dithmenos.
  6246 | D:9      | Found a burning altar of Makhleb.
  6246 | D:9      | Noticed a cacodemon
  6307 | D:9      | Found a snail-covered altar of Cheibriados.
  6444 | D:10     | Entered Level 10 of the Dungeon
  6484 | D:10     | Found a staircase to the Lair.
  6484 | D:10     | Noticed an elephant
  6486 | D:10     | Noticed a two-headed ogre
  6488 | D:10     | Reached **** piety under Okawaru
  6531 | D:9      | Killed a two-headed ogre
  6532 | D:9      | Reached skill level 12 in Fighting
  6564 | D:10     | Killed an elephant
  6597 | D:10     | Reached ***** piety under Okawaru
  6598 | D:10     | Reached skill level 5 in Dodging
  6598 | D:10     | Reached XP level 11. HP: 102/104 MP: 10/10
  6796 | D:10     | Found Uron Tuedohe's Antique Weapon Emporium.
  6840 | D:10     | Reached skill level 15 in Axes
  7177 | D:11     | Noticed Harold
  7183 | D:11     | Killed Harold
  7184 | D:11     | Reached skill level 13 in Fighting
  7259 | D:11     | Received a gift from Okawaru
  7423 | D:11     | Noticed a two-headed ogre
  7432 | D:11     | Killed a two-headed ogre
  7547 | D:11     | Found a staircase to the Orcish Mines.
  8239 | D:12     | Noticed a boulder beetle
  8258 | D:12     | Killed a boulder beetle
  8259 | D:12     | Reached skill level 10 in Armour
  8586 | D:13     | Noticed a centaur warrior
  8596 | D:13     | Killed a centaur warrior
  8675 | D:13     | Noticed a tengu warrior
  8695 | D:13     | Reached skill level 14 in Fighting
  8700 | D:13     | Reached XP level 12. HP: 97/117 MP: 11/11
  8722 | D:13     | Noticed a centaur warrior
  8729 | D:13     | Killed a tengu warrior
  8733 | D:13     | Killed a centaur warrior
  8904 | D:13     | Found a gate leading to a gauntlet.
  8904 | D:13     | Noticed Kirke
  8930 | D:13     | Noticed a two-headed ogre
  8932 | Gauntlet | Entered a Gauntlet
  8932 | Gauntlet | Noticed a death scarab
  8932 | Gauntlet | Found a transporter.
  9012 | Gauntlet | Found a transporter.
  9014 | Gauntlet | Found a transporter.
  9023 | Gauntlet | Found a transporter.
  9026 | Gauntlet | Found a transporter.
  9027 | Gauntlet | Noticed a death scarab
  9031 | Gauntlet | Found a runed translucent gate.
  9033 | Gauntlet | Found a transporter.
  9034 | Gauntlet | Found a runed translucent gate.
  9034 | Gauntlet | Noticed a death scarab
  9035 | Gauntlet | Found a runed translucent gate.
  9049 | Gauntlet | Found a transporter.
  9058 | Gauntlet | Noticed a dire elephant
  9059 | Gauntlet | Found a transporter.
  9068 | Gauntlet | Noticed a death yak
  9069 | Gauntlet | Found a transporter.
  9070 | Gauntlet | Noticed a death yak
  9071 | Gauntlet | Noticed a death yak
  9072 | Gauntlet | Noticed a death yak
  9083 | Gauntlet | Found a transporter.
  9098 | Gauntlet | Found a transporter.
  9151 | Gauntlet | Found a transporter.
  9166 | Gauntlet | Found a transporter.
  9167 | Gauntlet | Found a transporter.
  9257 | Gauntlet | Killed a death scarab
  9257 | Gauntlet | Reached ****** piety under Okawaru
  9257 | Gauntlet | Received a gift from Okawaru
  9261 | Gauntlet | Acquired a +5 broad axe of flaming
  9261 | Gauntlet | Received a gift from Okawaru
  9263 | Gauntlet | Acquired the +14 crystal plate armour of Instinct {Rampage
                  | *Corrode rPois Int+3}
  9263 | Gauntlet | Received a gift from Okawaru
  9365 | Gauntlet | Killed a dire elephant
  9380 | Gauntlet | Identified the +3 cloak of Eternity {Str+4}
  9388 | Gauntlet | Acquired a +2 tower shield of reflection
  9440 | Gauntlet | Identified the amulet of Xom's Bemusement {Faith Regen+
                  | Int+3}
  9440 | Gauntlet | Noticed a minotaur
  9445 | Gauntlet | Killed a minotaur
  9448 | Gauntlet | Identified the +8 shortbow of the Unseen Realm {drain,
                  | Will+ Str+3 Int-3}
  9456 | D:13     | Killed a two-headed ogre
  9457 | D:13     | Reached skill level 15 in Fighting
  9464 | D:13     | Noticed a centaur warrior
  9466 | D:13     | Killed Kirke
  9471 | D:13     | Killed a centaur warrior
  9497 | D:13     | Noticed a centaur warrior
  9504 | D:13     | Killed a centaur warrior
  9504 | D:13     | Received a gift from Okawaru
  9825 | D:13     | Found a runed translucent door.
  9826 | D:13     | Noticed a storm dragon
  9828 | D:13     | Noticed a rakshasa
 10172 | D:13     | Noticed a deep elf annihilator
 10180 | D:13     | Noticed a yaktaur captain
 10181 | D:13     | Killed a deep elf annihilator
 10182 | D:13     | Reached skill level 16 in Fighting
 10193 | D:13     | Killed a storm dragon
 10193 | D:13     | Received a gift from Okawaru
 10194 | D:13     | Reached XP level 13. HP: 89/128 MP: 5/12
 10331 | Lair:1   | Entered Level 1 of the Lair of Beasts
 10559 | Lair:1   | Received a gift from Okawaru
 10582 | Lair:1   | Identified the +6 longbow "Killer Klown's Foe" {drain,
                  | ^Fragile +Blink Fly rC+}
 11080 | Lair:1   | Found a dark tunnel.
 11093 | Volcano  | Entered a volcano
 11216 | Volcano  | Found a bloodstained altar of Trog.
 11221 | Volcano  | Reached skill level 17 in Fighting
 11313 | Lair:1   | Received a gift from Okawaru
 11731 | Lair:2   | Reached skill level 10 in Shields
 12189 | Lair:3   | Received a gift from Okawaru
 12277 | Lair:3   | Noticed Nessos
 12290 | Lair:3   | Killed Nessos
 12314 | Lair:3   | Noticed Nergalle
 12329 | Lair:3   | Killed Nergalle
 12333 | Lair:3   | Found a hole to the Spider Nest.
 12383 | Lair:3   | Reached skill level 18 in Fighting
 12442 | Lair:3   | Noticed PanSaczeczos's ghost (journeyman SpCA)
 12453 | Lair:3   | Found a transporter.
 12487 | Lair:3   | Received a gift from Okawaru
 12512 | Lair:3   | Reached XP level 14. HP: 130/143 MP: 13/13
 12533 | Lair:3   | Found a transporter.
 12708 | Lair:3   | Found a staircase to the Shoals.
 13394 | Lair:4   | Identified the +4 quarterstaff "Saixeup" {protect, Int+3}
 13459 | Lair:4   | Received a gift from Okawaru
 13988 | Lair:5   | Entered Level 5 of the Lair of Beasts
 14048 | Lair:5   | Reached skill level 19 in Fighting
 14100 | Lair:5   | Received a gift from Okawaru
 14335 | Lair:5   | Received a gift from Okawaru
 14342 | Lair:5   | Got an earthy gem with 9 turns to spare
 14350 | Lair:5   | Lost the earthy gem through the power of Zot.
 14509 | Lair:5   | Found a viscous altar of Jiyva.
 14509 | Lair:5   | Found a staircase to the Slime Pits.
 14745 | Lair:5   | Found a runed translucent door.
 15349 | Orc:1    | Entered Level 1 of the Orcish Mines
 16111 | Orc:2    | Entered Level 2 of the Orcish Mines
 16123 | Orc:2    | Received a gift from Okawaru
 16124 | Orc:2    | Reached skill level 20 in Fighting
 16362 | Orc:2    | Found Fianyf's General Store.
 16368 | Orc:2    | Bought a potion of curing for 33 gold pieces
 16368 | Orc:2    | Bought a potion of might for 44 gold pieces
 16381 | Orc:2    | Found Fuuzefej's Weapon Shoppe.
 16382 | Orc:2    | Found Qustru's Antique Weapon Shoppe.
 16391 | Orc:2    | Reached XP level 15. HP: 131/156 MP: 14/14
 16434 | Orc:2    | Bought a +0 broad axe for 64 gold pieces
 16453 | Orc:2    | Found Puenkit's General Store.
 16502 | Orc:2    | Found a staircase to the Elven Halls.
 16632 | Orc:2    | Received a gift from Okawaru
 17138 | Shoals:1 | Entered Level 1 of the Shoals
 17175 | Shoals:1 | Reached skill level 15 in Armour
 17464 | Shoals:1 | Noticed a kraken
 17479 | Shoals:1 | Killed a kraken
 17479 | Shoals:1 | Received a gift from Okawaru
 17496 | Shoals:2 | Reached skill level 21 in Fighting
 17634 | Shoals:3 | Reached XP level 16. HP: 167/167 MP: 15/15
 17732 | Shoals:3 | Received a gift from Okawaru
 17877 | Shoals:4 | Entered Level 4 of the Shoals
 18016 | Shoals:4 | Noticed Ilsuiw
 18033 | Shoals:4 | Reached skill level 1 in Invocations
 18112 | Shoals:4 | Received a gift from Okawaru
 18205 | Shoals:4 | Found a snail-covered altar of Cheibriados.
 18295 | Shoals:4 | Reached skill level 5 in Invocations
 18303 | Shoals:4 | Received a gift from Okawaru
 18326 | Arena    | Entered the Arena
 18373 | Shoals:4 | Identified the ring "Atoem" {rPois rN+ Will+ MP+9 SInv}
 18546 | Shoals:4 | Got a barnacled rune of Zot
 18548 | Shoals:4 | Got an azure gem with 385 turns to spare
 18719 | Spider:1 | Entered Level 1 of the Spider Nest
 18765 | Spider:2 | Noticed Asterion
 18780 | Spider:2 | Killed Asterion
 18780 | Spider:2 | Received a gift from Okawaru
 18947 | Spider:3 | Reached XP level 17. HP: 175/176 MP: 1/22
 19311 | Spider:4 | Entered Level 4 of the Spider Nest
 19326 | Spider:4 | Noticed Arachne
 19327 | Spider:4 | Reached skill level 10 in Invocations
 19334 | Spider:4 | Received a gift from Okawaru
 19461 | Spider:4 | Killed Arachne
 19582 | Spider:4 | Received a gift from Okawaru
 19585 | Arena    | Entered the Arena
 19849 | Spider:4 | Received a gift from Okawaru
 19850 | Spider:4 | Reached skill level 22 in Fighting
 20026 | Spider:4 | Got a milky-white gem with 1159 turns to spare
 20041 | Spider:4 | Got a gossamer rune of Zot
 20139 | Spider:4 | Identified the +4 rapier of Deformation {spect, rF+++ rC-
                  | rN+++ Str-2}
 20522 | Abyss:3  | Cast into level 3 of the Abyss (unwielding a weapon of
                  | distortion)
 20621 | Abyss:3  | Found a transporter.
 20690 | Abyss:3  | Reached skill level 15 in Shields
 20698 | Abyss:3  | Got an abyssal rune of Zot
 20708 | Abyss:3  | Found a transporter.
 20708 | Abyss:3  | Noticed a dread lich
 20713 | Abyss:3  | Killed a dread lich
 20713 | Abyss:3  | Received a gift from Okawaru
 20716 | Lair:5   | Escaped the Abyss
 20875 | D:14     | Noticed Frances
 20880 | D:14     | Killed Frances
 20926 | D:14     | Identified the +1 plate armour of the Nexus {Will+ Str+2}
 21050 | D:14     | Noticed Jorgrun
 21058 | D:14     | Killed Jorgrun
 21077 | D:14     | Reached XP level 18. HP: 185/185 MP: 26/26
 21120 | D:14     | Identified the +0 chain mail of Purpose {Str+4 Dex+2}
 21135 | D:14     | Received a gift from Okawaru
 21153 | D:15     | Entered Level 15 of the Dungeon
 21190 | D:15     | Found a staircase to the Depths.
 21206 | Depths:1 | Entered Level 1 of the Depths
 21351 | Depths:1 | Found a flickering gateway to a bazaar.
 21352 | Depths:1 | Found a one-way gate to the infinite horrors of the Abyss.
 21365 | Depths:1 | Received a gift from Okawaru
 21370 | Bazaar   | Entered a bazaar
 21370 | Bazaar   | Found Rehuma's Book Emporium.
 21370 | Bazaar   | Found Hinief's Magic Scroll Shoppe.
 21370 | Bazaar   | Found Fiskogypp's Book Emporium.
 21393 | Bazaar   | Found Iphunuad's Book Shoppe.
 21404 | Bazaar   | Bought a scroll of revelation for 82 gold pieces
 21404 | Bazaar   | Bought a scroll of revelation for 82 gold pieces
 21404 | Bazaar   | Bought a scroll of enchant armour for 82 gold pieces
 21404 | Bazaar   | Bought a scroll of teleportation for 33 gold pieces
 21433 | Depths:1 | Reached skill level 23 in Fighting
 21627 | Depths:2 | Received a gift from Okawaru
 21788 | Depths:2 | Noticed Sojobo
 21812 | Depths:2 | Killed Sojobo
 21951 | Depths:3 | Noticed Xtahua
 21962 | Depths:3 | Received a gift from Okawaru
 21963 | Depths:3 | Paralysed by Xtahua for 4 turns
 21968 | Arena    | Entered the Arena
 21994 | Arena    | Entered the Arena
 22019 | Depths:3 | Paralysed by Xtahua for 3 turns
 22023 | Arena    | Entered the Arena
 22041 | Depths:3 | Found a gateway to Hell.
 22041 | Depths:3 | Found a one-way gateway to a ziggurat.
 22151 | Depths:3 | Noticed a golden dragon
 22154 | Depths:3 | Noticed a tentacled monstrosity
 22162 | Depths:3 | Killed a golden dragon
 22172 | Depths:3 | Killed a tentacled monstrosity
 22189 | Depths:3 | Killed Xtahua
 22227 | Depths:3 | Reached XP level 19. HP: 116/198 MP: 27/27
 22502 | Depths:3 | Found Kiuth's Weapon Shoppe.
 22517 | Depths:4 | Entered Level 4 of the Depths
 22542 | Depths:3 | Received a gift from Okawaru
 22543 | Depths:3 | Reached skill level 24 in Fighting
 22625 | Arena    | Entered the Arena
 22819 | Depths:4 | Identified the staff of Ricreet {rElec rC+ Will+ Int+3
                  | Dex-5 Ice}
 22819 | Depths:4 | Identified the ring of Fypnirruwum {Ice Str-4 Int+6}
 22819 | Depths:4 | Noticed Josephina
 22834 | Depths:4 | Killed Josephina
 22915 | Arena    | Entered the Arena
 23026 | Depths:4 | Identified the +0 cloak "Fuczunoi" {Will++ Slay+2 Stlth+}
 23115 | Depths:4 | Identified the +5 orcbow of Cheibriados's Approval {elec,
                  | rN+}
 23225 | Depths:4 | Received a gift from Okawaru
 23238 | Depths:4 | Found a gate to the Realm of Zot.
 23299 | Arena    | Entered the Arena
 23345 | Depths:4 | Reached skill level 25 in Fighting
 23451 | Zot:1    | Entered Level 1 of the Realm of Zot
 23561 | Zot:2    | Noticed a curse toe
 23576 | Zot:2    | Killed a curse toe
 23665 | Zot:3    | Noticed a curse toe
 23680 | Zot:3    | Killed a curse toe
 23721 | Zot:3    | Received a gift from Okawaru
 23862 | Zot:3    | Reached XP level 20. HP: 194/211 MP: 28/28
 23998 | Zot:3    | Reached skill level 26 in Fighting
 24028 | Zot:3    | Received a gift from Okawaru
 24230 | Zot:5    | Entered Level 5 of the Realm of Zot
 24397 | Zot:5    | Received a gift from Okawaru
 24455 | Zot:5    | Noticed a golden dragon
 24472 | Zot:5    | Killed a golden dragon
 24579 | Zot:5    | Noticed a golden dragon
 24587 | Zot:5    | Killed a golden dragon
 24958 | Zot:5    | Noticed an ancient lich
 24970 | Zot:5    | Killed an ancient lich
 25072 | Zot:5    | Noticed an orb of fire
 25075 | Zot:5    | Received a gift from Okawaru
 25077 | Zot:5    | Gained mutation: You are robust. (+10% HP) [an orb of fire]
 25084 | Zot:5    | Noticed a curse toe
 25085 | Zot:5    | Gained mutation: Armour fits poorly on your strangely
                  | shaped body. [an orb of fire]
 25087 | Zot:5    | Noticed an ancient lich
 25087 | Zot:5    | Noticed an ancient lich
 25087 | Zot:5    | Noticed an ancient lich
 25087 | Zot:5    | Noticed a Killer Klown
 25088 | Zot:5    | Noticed a dread lich
 25088 | Zot:5    | Noticed an orb of fire
 25089 | Zot:5    | Noticed an orb of fire
 25090 | Zot:5    | Noticed a dread lich
 25091 | Zot:5    | Noticed a Killer Klown
 25091 | Zot:5    | Gained mutation: Your spells are a little easier to cast,
                  | but a little less powerful. [an orb of fire]
 25111 | Zot:5    | Killed an orb of fire
 25114 | Zot:5    | Noticed a dread lich
 25115 | Arena    | Entered the Arena
 25124 | Arena    | Killed a curse toe
 25125 | Arena    | Reached skill level 27 in Fighting
 25159 | Zot:5    | Killed a dread lich
 25167 | Zot:5    | Gained mutation: You are dopey. (Int -2) [an orb of fire]
 25168 | Zot:5    | Killed an orb of fire
 25170 | Zot:5    | Reached XP level 21. HP: 79/246 MP: 29/29
 25172 | Zot:5    | Killed a Killer Klown
 25176 | Zot:5    | Killed a dread lich
 25331 | Zot:4    | Lost mutation: Your spells are a little easier to cast, but
                  | a little less powerful. [potion of mutation]
 25331 | Zot:4    | Lost mutation: Armour fits poorly on your strangely shaped
                  | body. [potion of mutation]
 25331 | Zot:4    | Lost mutation: You are robust. (+10% HP) [potion of
                  | mutation]
 25331 | Zot:4    | Gained mutation: You are partially covered in iridescent
                  | scales. (AC +2) [potion of mutation]
 25331 | Zot:4    | Gained mutation: You are somewhat resistant to further
                  | mutation. [potion of mutation]
 25422 | Zot:5    | Killed an ancient lich
 25468 | Zot:5    | Noticed a Killer Klown
 25470 | Zot:5    | Received a gift from Okawaru
 25486 | Zot:5    | Killed a Killer Klown
 25567 | Zot:5    | Noticed a golden dragon
 25581 | Zot:5    | Killed a golden dragon
 25601 | Zot:5    | Got the Orb of Zot
 25604 | Zot:5    | Noticed Qeiru the pandemonium lord
 25609 | Zot:5    | Noticed a profane servitor
 25634 | Zot:5    | Killed a profane servitor
 25890 | Depths:2 | Noticed a profane servitor
 25965 | D:14     | Noticed Hukirid the pandemonium lord
 25992 | D:13     | Killed Hukirid the pandemonium lord
 26128 | D:6      | Received a gift from Okawaru
 26310 | D:$      | Escaped with the Orb!

Illustrated notes

Levels and vault maps discovered:
D:1:      tarquinn_simple_flora_water_b, layout_loops_ring, minmay_quantized
D:2:      layout_basic, hellmonk_ecumenical_altar_pennies_from_heaven,
          serial_bayou_crossing, uniq_crazy_yiuf_cottage
D:3:      layout_basic, tso_oasis_becter
D:4:      layout_loops_corners, kennysheep_little_box,
          gammafunk_ghost_gnarly_gnolls
D:5:      layout_loops_corners, serial_shops, nicolae_square_shop, shop,
          nicolae_shop_hallway_plus, saegor_snake_ambush, uniq_blork_the_orc
D:6:      layout_gridville, uniq_sigmund
D:7:      layout_loops_ring, minmay_temple_entry_wispy, serial_undead,
          serial_undead_f, serial_undead_c, serial_undead_e, serial_undead_b,
          serial_undead_c, serial_undead_a, uniq_joseph, uniq_duvessa,
          uniq_menkaure
D:8:      layout_basic, uniq_grum
D:9:      layout_rooms, makhleb_altar_promises_db, fedhas_altar_3,
          amcnicky_altar_gilded, grunt_dithmenos_smoke
D:10:     layout_cave_pools, david_lair_generic, serial_shops,
          nicolae_lakefront_shop
D:11:     layout_basic, hiddenorc1_lemuel, uniq_harold
D:12:     layout_small_grid
D:13:     layout_loops_cross, gauntlet_entry_generic, minivault_13, uniq_kirke
D:14:     layout_basic, lightli_vaults_fourway_checkpoint,
          corexii_hall_statues_i, uniq_frances, uniq_jorgrun
D:15:     grunt_enter_depths_giant_problem, layout_basic,
          muffindrake_ghost_dual_entry, serial_bayou_pond_a, minmay_liquid_box
Temple:   nicolae_temple_elliptical
Lair:1:   layout_regular_city, nicolae_volcano_entry_batcave
Lair:2:   layout_regular_city
Lair:3:   layout_regular_city, elwin_shoals_entry_stream, dummy_spider_entry,
          gammafunk_ghost_arena, beast_lair_carwin_4,
          infiniplex_staircase_pool_2, uniq_nessos, uniq_nergalle
Lair:4:   layout_roguey
Lair:5:   minmay_lair_end_enchanted_forest, layout_long_grid, slime_entry_1,
          pdpol_lair_cabin_in_the_woods
Shoals:1: nicolae_shoals_aurelia_aurita, layout_shoals, nicolae_specific_store
Shoals:2: layout_shoals, yaktaur_hedge
Shoals:3: dreamdust_from_the_deep, layout_shoals, uniq_louise
Shoals:4: shoals_end_simple, layout_shoals, shoals_ilsuiw_ice, serial_shops,
          nicolae_shop_tiny_statue_garden, lemuel_centaur_altar
Spider:1: layout_cave_pods, nicolae_spider_rock_and_or_roll
Spider:2: layout_cave_pods, uniq_donald, uniq_asterion
Spider:3: lemuel_spider_zombies, uniq_azrael
Spider:4: grunt_spider_rune_circles, uniq_arachne
Orc:1:    minmay_goldmine, layout_caves
Orc:2:    hellmonk_orc_salted, layout_caves, nicolae_orc_pool_cavern,
          minmay_orc_barracks
Depths:1: layout_twisted_cross, abyss_entry, hellmouth_1, serial_shops,
          bzr_entry_dummy, nicolae_shop_firing_range, firewood_loft
Depths:2: minmay_broken_ring, layout_honeycomb, hell_entry,
          grunt_pan_entry_spiral, minislime_mu, minmay_shoptagon,
          uniq_saint_roka, uniq_sojobo
Depths:3: dreamdust_tengu_aerie, layout_cave_shapes, enter_ziggurat_f,
          nicolae_qazlal_eye_of_the_storm, hell_entry, serial_shops,
          kennysheep_mini_moat, minmay_room_of_horrors, uniq_xtahua
Depths:4: hangedman_pleasuredromes, abyss_entry, hell_entry, uniq_josephina
Zot:1:    layout_misc_corridors, regret_index_zotdec_carving_tricks
Zot:2:    layout_cathedral_of_symmetry, regret_index_zotdec_gossamer_parallel,
          regret_index_zotdec_banners, lemuel_elevator
Zot:3:    lemuel_halls_of_wrath, layout_gridlike,
          hangedman_zot_diagonal_lockstep
Zot:4:    layout_gridlike
Zot:5:    layout_basic, grunt_ministairs_9

Skill      XL: |  1  2  3  4  5  6  7  8  9 10 11 12 13 14 15 16 17 18 19 20 21 |
---------------+----------------------------------------------------------------+-----
Fighting       | 4 5 6 7 9 10 12 14 16 18 20 21 22 23 25 27 | 27.0
Axes           | 3 4 5 6 8 11 14 17 18 | 18.0
Armour         | 4 5 6 7 8 10 11 13 14 15 16 17 19 21 23 25 | 25.4
Shields        | 4 5 6 7 8 10 12 13 14 15 17 18 | 18.0
Dodging        | 3 5 6 7 |  7.3
Invocations    | 8 12 | 12.0

Action                     |  1- 3 |  4- 6 |  7- 9 | 10-12 | 13-15 | 16-18 | 19-21 || total
---------------------------+-------+-------+-------+-------+-------+-------+-------++-------
  Melee: War axe           |    22 |    50 |   214 |   303 |       |       |       ||   589
         Headbutt          |     1 |    13 |    49 |   103 |   142 |   255 |   262 ||   825
         Unarmed           |       |     7 |       |       |       |       |       ||     7
         Broad axe         |       |       |       |    78 |   666 |   951 |   878 ||  2573
 Invoke: Heroism           |       |       |       |     2 |       |    12 |    15 ||    29
         Finesse           |       |       |       |     1 |       |     4 |     5 ||    10
         Receive Weapon    |       |       |       |     1 |       |       |       ||     1
         Receive Armour    |       |       |       |     1 |       |       |       ||     1
         Duel              |       |       |       |       |       |     5 |     4 ||     9
  Evoke: Wand              |       |       |     9 |       |       |     3 |     1 ||    13
    Use: Potion            |       |     1 |     2 |       |     1 |     3 |    20 ||    27
         Scroll            |       |       |     7 |    10 |    12 |     6 |    15 ||    50
   Stab: Petrified         |       |       |       |       |       |     1 |       ||     1
 Armour: Scale mail        |    13 |    41 |   123 |       |       |       |       ||   177
         Skin              |       |     5 |     7 |     3 |       |       |       ||    15
         Ring mail         |       |       |    47 |   230 |       |       |       ||   277
         Crystal plate arm |       |       |       |    65 |   287 |   744 |   179 ||  1275
         Plate armour      |       |       |       |       |       |     7 |       ||     7
         Gold dragon scale |       |       |       |       |       |       |   301 ||   301
  Dodge: Dodged            |     7 |    27 |    83 |   173 |   105 |   245 |   216 ||   856
  Block: Buckler           |     4 |    14 |    53 |    89 |       |       |       ||   160
         Tower shield      |       |       |       |    47 |   569 |  1207 |   793 ||  2616
         Reflection        |       |       |       |     9 |    19 |    56 |    11 ||    95

Table legend: (Time is in decaauts)
 A = Elapsed time spent in this place.
 B = Non-inter-level travel time spent in this place.
 C = Inter-level travel time spent in this place.
 D = Time resting spent in this place.
 E = Time spent auto-exploring this place.
 F = Levels seen in this place.
 G = Mean time per level.
                   A        B        C        D        E       F      G
               +--------+--------+--------+--------+--------+-----+--------+
         Total |  25744 |  23078 |   2666 |   1856 |  15238 |  53 |  485.7 |
       Dungeon |  10663 |   9462 |   1201 |    552 |   7004 |  15 |  710.9 |
        Temple |     56 |      2 |     54 |      0 |      0 |   1 |   56.0 |
          Lair |   5115 |   4476 |    639 |      0 |   3807 |   5 | 1023.0 |
        Shoals |   1550 |   1378 |    172 |    153 |    782 |   4 |  387.5 |
   Spider Nest |   1497 |   1326 |    171 |    152 |    792 |   4 |  374.2 |
  Orcish Mines |   1609 |   1565 |     44 |      0 |   1336 |   2 |  804.5 |
        Depths |   2015 |   1892 |    123 |    433 |    595 |   4 |  503.8 |
           Zot |   2138 |   1878 |    260 |    468 |    521 |   5 |  427.6 |
         Abyss |    150 |    150 |      0 |      0 |      0 |   1 |  150.0 |
        Bazaar |     37 |     37 |      0 |      0 |     31 |   1 |   37.0 |
       Volcano |    212 |    212 |      0 |      0 |    118 |   1 |  212.0 |
      Gauntlet |    522 |    522 |      0 |     77 |    251 |   1 |  522.0 |
         Arena |    174 |    174 |      0 |     19 |      0 |   9 |   19.3 |
               +--------+--------+--------+--------+--------+-----+--------+

Top non-repeatable levels by time:
     D:5: 1864 daAuts
   Zot:5: 1312 daAuts
  Lair:3: 1266 daAuts
  Lair:5: 1226 daAuts
    D:13: 1217 daAuts
     D:6: 1181 daAuts
     D:4: 1173 daAuts
    D:11: 1093 daAuts
  Lair:1: 1033 daAuts
     D:7: 1009 daAuts
  Lair:2: 864 daAuts
   Orc:2: 852 daAuts
   Orc:1: 757 daAuts
Depths:4: 735 daAuts
  Lair:4: 725 daAuts
